 Dungeon Crawl Stone Soup version 0.31.0-12-g77e489cdc1 (webtiles) character file.

Game seed: 14088051350352377400

476 one2free the Grave Robber (level 6, 0/44 HPs)
             Began as a Vampire Necromancer on Mar 7, 2024.
             Was an Initiate of Yredelemnul.
             Slain by Pikel
             ... wielding a +0 whip of flaming
              (1 damage)
             ... on level 5 of the Dungeon.
             The game lasted 00:56:44 (3702 turns).

one2free the Grave Robber (Vampire Necromancer)     Turns: 3702, Time: 00:56:45

Health: 0/44       AC:  4    Str: 13    XL:     6   Next: 84%
Magic:  4/10       EV: 13    Int: 19    God:    Yredelemnul [......]
Gold:   214        SH:  4    Dex: 15    Spells: 3/11 levels left

rFire   . . .        k - +1 dagger (speed)
rCold   . . .        i - +0 buckler
rNeg    . . .        a - +0 robe
rPois   .            (no helmet)
rElec   .            e - +1 cloak
rCorr   .            (no gloves)
SInv    +            (no boots)
Will    .....        (no amulet)
Stlth   +++          m - +6 ring of strength
HPRegen 0.47/turn    (no ring)
MPRegen 0.12/turn

%: no passive effects
@: healing quickly
A: alive, fangs 3, see invisible, vampiric 2
a: Exsanguinate, Renounce Religion, Recall Undead Harvest


You were on level 5 of the Dungeon.
You worshipped Yredelemnul.
Yredelemnul was noncommittal.
You visited 2 branches of the dungeon, and saw 6 of its levels.

You collected 214 gold pieces.

Inventory:

Hand Weapons
 k - a +1 dagger of speed (weapon)
 n - a +0 quarterstaff of speed
 o - a +1 rapier of draining
Armour
 a - a +0 robe (worn)
 e - a +1 cloak (worn)
 i - a +0 buckler (worn)
Jewellery
 m - a +6 ring of strength (left hand)
 z - a ring of ice
Wands
 p - a wand of flame (12)
Scrolls
 c - 2 scrolls of identify {unknown}
 d - 3 scrolls of teleportation {unknown}
 h - a scroll of fear {unknown}
 q - 6 scrolls of noise {unknown}
 s - a scroll of immolation {unknown}
 t - a scroll of revelation {unknown}
 u - a scroll of vulnerability {unknown}
 v - a scroll of enchant weapon {unknown}
 x - a scroll of poison {unknown}
 y - a scroll of enchant armour {unknown}
Potions
 f - a potion of degeneration {unknown}
 g - 2 potions of cancellation {unknown}
 j - 2 potions of curing {unknown}
 l - 2 potions of lignification {unknown}
 r - 4 potions of heal wounds {unknown}
 w - a potion of attraction {unknown}


   Skills:
 + Level 2.1 Fighting
 + Level 2.6 Short Blades
 - Level 0.1 Maces & Flails
 + Level 3.6 Dodging
 + Level 5.4 Stealth
 + Level 3.2 Spellcasting
 + Level 5.8 Necromancy


You had 3 spell levels left.
You knew the following spells:

 Your Spells              Type           Power      Damage    Failure   Level
a - Necrotise             Necr           100%       1d9       1%          1
b - Vampiric Draining     Necr           25%        2d7       5%          3
c - Animate Dead          Necr           25%        N/A       19%         4

Your spell library contained the following spells:

 Spells                   Type           Power      Damage    Failure   Level
 Curse of Agony           Necr           25%        N/A       45%         5


Dungeon Overview and Level Annotations

Branches:
Dungeon (5/15)             Temple (1/1) D:4

Altars:
Cheibriados
Gozag
Kikubaaqudgha
Nemelex Xobeh
Okawaru
Qazlal
Ru
Trog
Uskayaw
Vehumet
Yredelemnul

Annotations:
D:5 Pikel


Innate Abilities, Weirdness & Mutations

Your natural rate of healing is accelerated.
You have razor-sharp teeth.
You have supernaturally acute eyesight. (SInv)
You are afflicted with vampirism and can become a bat while bloodless.


Message History

Pikel attacks as he pursues you!
Pikel hits you with a +0 whip of flaming!
Pikel burns you.
* * * LOW HITPOINT WARNING * * *
Casting: Vampiric Draining (dangerous; 5% risk of failure)
Confirm with . or Enter, or press ? or * to list all spells.
Aiming: Vampiric Draining (dangerous; 5% risk of failure)
Press: ? - help, Shift-Dir - straight line, f/p - Pikel
Aim: Pikel, wielding a +0 whip of flaming and wearing a +0 robe (heavily wounded)
You draw life force from Pikel!
You feel life coursing into your body. You block Pikel's attack.
Magic courses through your body.
Pikel hits you with a +0 whip of flaming.
* * * LOW HITPOINT WARNING * * *
Pikel burns you.
* * * LOW HITPOINT WARNING * * *
Casting: Vampiric Draining (dangerous; 5% risk of failure)
Confirm with . or Enter, or press ? or * to list all spells.
Aiming: Vampiric Draining (dangerous; 5% risk of failure)
Press: ? - help, Shift-Dir - straight line, f/p - Pikel
Aim: Pikel, wielding a +0 whip of flaming and wearing a +0 robe (severely wounded)
You draw life force from Pikel!
You feel life coursing into your body.
Pikel says, "Hell isn't that bad."
Pikel hits you with a +0 whip of flaming.
* * * LOW HITPOINT WARNING * * *
Pikel burns you.
* * * LOW HITPOINT WARNING * * *
Casting: Vampiric Draining (dangerous; 5% risk of failure)
Confirm with . or Enter, or press ? or * to list all spells.
Aiming: Vampiric Draining (dangerous; 5% risk of failure)
Press: ? - help, Shift-Dir - straight line, f/p - Pikel
Aim: Pikel, wielding a +0 whip of flaming and wearing a +0 robe (almost dead)
You draw life force from Pikel.
You feel life coursing into your body. The lemure barely misses you.
Pikel hits you with a +0 whip of flaming.
* * * LOW HITPOINT WARNING * * *
Pikel burns you.
You die...
Pikel says, "Another soul for the market."
You join the legions of the undead harvest.

# # ################
#
#................###
#
#...................
#
#.................###
#
#...................
# #....55...........#
# #....K@...........#
# ###.####..........#
# #.#
#..........##### #5#
#............... #.#
#######.......## #.#
#.#####.# 55K5....#
#.#..<#.# #########
#.#.###.# #.#.....#


You could see Pikel and 2 lemures.

Vanquished Creatures
  2 lemures (D:5)
  A phantom (D:5)
  A scorpion (D:5)
  A bombardier beetle (D:4)
  An orc priest (D:4)
  Terence (D:2)
  An iguana (D:3)
  2 orc wizards
  3 gnolls (D:3)
  3 adders
  An ufetubus (D:5)
  3 ribbon worms
  8 orcs
  3 ball pythons
  8 bats
  3 endoplasms
  5 giant cockroaches
  5 goblins
  8 hobgoblins
  4 jackals (D:1)
  4 kobolds
  2 quokkas (D:3)
  2 frilled lizards (D:3)
  23 rats
95 creatures vanquished.

Vanquished Creatures (collateral kills)
  A gnoll (D:3)
  An ufetubus (D:5)
  A dart slug (D:4)
  An orc (D:4)
  A kobold (D:4)
  A quokka (D:2)
6 creatures vanquished.

Vanquished Creatures (others)
  A scorpion zombie (D:5)
  A dart slug zombie (D:4)
  A hobgoblin zombie (D:4)
  A kobold zombie (D:4)
  2 orc zombies (D:4)
  2 spectral ufetubi (D:5)
8 creatures vanquished.

Grand Total: 109 creatures vanquished

Notes
Turn   | Place    | Note
-------+----------+-------------------------------------------
     0 | D:1      | one2free the Vampire Necromancer began the quest for the
                  | Orb.
     0 | D:1      | Reached XP level 1. HP: 13/13 MP: 3/3
   494 | D:1      | Reached XP level 2. HP: 19/19 MP: 3/5
   802 | D:2      | Reached skill level 5 in Necromancy
  1034 | D:2      | Noticed Terence
  1048 | D:2      | Gained mutation: You are afflicted with vampirism and can
                  | become a bat while bloodless. [Vampire growth]
  1048 | D:2      | Reached XP level 3. HP: 24/24 MP: 3/6
  1052 | D:2      | Learned a level 3 spell: Vampiric Draining
  1088 | D:2      | Killed Terence
  1397 | D:3      | Found a hide-covered altar of Uskayaw.
  1443 | D:3      | Reached XP level 4. HP: 29/31 MP: 7/7
  1455 | D:3      | Identified the +6 dagger of the Resonant God {holy,
                  | ^Fragile rPois Dex+4}
  1509 | D:3      | Reached skill level 1 in Short Blades
  1619 | D:3      | Reached skill level 1 in Fighting
  1772 | D:3      | Reached XP level 5. HP: 37/37 MP: 5/8
  2129 | D:3      | Found a snail-covered altar of Cheibriados.
  2660 | D:4      | Learned a level 4 spell: Animate Dead
  2844 | D:4      | Reached XP level 6. HP: 43/43 MP: 7/10
  2865 | D:4      | Reached skill level 5 in Stealth
  2946 | D:4      | Found a staircase to the Ecumenical Temple.
  3085 | D:4      | HP: 2/44 [orc priest/divine providence (15)]
  3207 | Temple   | Entered the Ecumenical Temple
  3225 | Temple   | Became a worshipper of Yredelemnul the Dark
  3401 | D:5      | Entered Level 5 of the Dungeon
  3587 | D:5      | Reached * piety under Yredelemnul
  3649 | D:5      | Noticed Pikel
  3702 | D:5      | HP: 1/44 [Pikel/+0 whip of flaming (5)]
  3702 | D:5      | Slain by Pikel

Illustrated notes

Levels and vault maps discovered:
D:1:      onia_arrival_mini_spirals, layout_loops_ring
D:2:      layout_rooms, uniq_terence
D:3:      kennysheep_six_static_rooms, layout_loops_ring,
          mainiacjoe_overflow_alcove_2, general_overflow_altar, grunt_decor_cap,
          kennysheep_cross_bottleneck, minmay_rat_hole
D:4:      layout_basic, minmay_temple_entry_large_hall, uniq_duvessa
D:5:      layout_basic, uniq_pikel, uniq_grinder, uniq_edmund, uniq_eustachio,
          uniq_sigmund
Temple:   minmay_temple_curvy_loop

Skill      XL: |  1  2  3  4  5  6 |
---------------+-------------------+-----
Necromancy     | 5 |  5.8
Stealth        | 4 5 |  5.4
Short Blades   | 1 2 |  2.6
Fighting       | 1 2 |  2.1
Dodging        | 3 |  3.6
Spellcasting   | 3 |  3.2
Maces & Flails | |  0.1

Action                     |  1- 3 |  4- 6 || total
---------------------------+-------+-------++-------
  Melee: Whip              |    28 |       ||    28
         Unarmed           |     4 |       ||     4
         Dagger            |    32 |   264 ||   296
         Bite              |     6 |    19 ||    25
   Cast: Necrotise         |    37 |    28 ||    65
         Vampiric Draining |       |    10 ||    10
         Animate Dead      |       |     3 ||     3
  Evoke: Wand              |       |     4 ||     4
    Use: Potion            |       |     1 ||     1
   Stab: Sleeping          |     4 |     7 ||    11
         Distracted        |     1 |     1 ||     2
 Armour: Robe              |    51 |   107 ||   158
  Dodge: Dodged            |    54 |   142 ||   196
  Block: Buckler           |     3 |    36 ||    39
